 Dungeon Crawl Stone Soup version 0.23.2-33-g5129a83184 (webtiles) character file.

Game seed: 207395181106430642

49 DildoBatman the Magician (level 4, 0/30 HPs)
             Began as a Formicid Wizard on July 9, 2019.
             Succumbed to an adder's poison
             ... on level 2 of the Dungeon.
             The game lasted 00:03:41 (2028 turns).

DildoBatman the Magician (Formicid Wizard)          Turns: 2028, Time: 00:03:42

Health: 0/30       AC:  2    Str: 12    XL:     4   Next: 1%
Magic:  8/8        EV: 12    Int: 18    God:
Gold:   92         SH:  0    Dex:  9    Spells: 2/9 levels left

rFire    . . .     SeeInvis +   f - +0 club
rCold    . . .     Gourm    .   (no shield)
rNeg     . . .     Faith    .   a - +0 robe
rPois    .         Spirit   .   (helmet unavailable)
rElec    .         Reflect  .   (no cloak)
rCorr    .         Harm     .   (no gloves)
MR       .....                  (no boots)
Stlth    ++........             (no amulet)
HPRegen  0.10/turn              (no ring)
MPRegen  0.11/turn              (no ring)

@: lethally poisoned (0 -> -5)
A: permanent stasis, dig shafts and tunnels, four strong arms, antennae 3
a: Dig, Shaft Self


You were on level 2 of the Dungeon.
You were not hungry.

You visited 1 branch of the dungeon, and saw 2 of its levels.

You collected 92 gold pieces.

Inventory:

Hand Weapons
 f - a +0 club (weapon)
Missiles
 c - 62 stones (quivered)
 g - 34 arrows
 i - 31 sling bullets
 o - 11 bolts
Armour
 a - a +0 robe (worn)
 e - +0 ice dragon scales
Scrolls
 b - 2 scrolls of teleportation {unknown}
 k - a scroll of identify {unknown}
 l - a scroll of fear {unknown}
 m - 2 scrolls of amnesia {unknown}
 n - 2 scrolls of blinking {unknown}
 p - a scroll of enchant armour {unknown}
Potions
 d - a potion of curing {unknown}
 h - a potion of mutation {unknown}
 j - a potion of degeneration {unknown}
 q - a potion of flight {unknown}
 s - a potion of heal wounds {unknown}
Comestibles
 r - 4 chunks of flesh
 v - 2 rations


   Skills:
 - Level 1.7 Dodging
 - Level 2.4 Stealth
 - Level 3.2 Spellcasting
 * Level 3.2 Conjurations
   Level 1.0 Summonings
   Level 0.8 Translocations


You had 2 spell levels left.
You knew the following spells:

 Your Spells              Type           Power        Failure   Level  Hunger
a - Conjure Flame         Conj/Fire      #.......     24%         3    ###....
c - Magic Dart            Conj           ##..         4%          1    None
e - Mephitic Cloud        Conj/Pois/Air  #.......     30%         3    ###....

Your spell library contained the following spells:

 Spells                   Type           Power        Failure   Level  Hunger
 Call Imp                 Summ           #.......     16%         2    ##.....
 Slow                     Hex            #.......     24%         2    ##.....
 Blink                    Tloc           Unusable     N/A         2    N/A

Dungeon Overview and Level Annotations

Branches:
Dungeon (2/15)

Altars:


Innate Abilities, Weirdness & Mutations

You cannot be hasted, slowed, berserked, paralysed or teleported.
You can dig through walls and to a lower floor.
Your four strong arms can wield two-handed weapons with a shield.
You have a pair of large antennae on your head. (SInv)


Message History

You shout for attention!
You feel sick. The adder barely misses you. What are your orders? t - Shout!
Orders for allies: a - Attack new target. r - Retreat! s - Stop attacking. g - Guard the area. f - Follow me.
Anything else - Cancel.
You shout for attention!
The adder closely misses you. The adder misses you.
What are your orders? t - Shout!
Orders for allies: a - Attack new target. r - Retreat! s - Stop attacking. g - Guard the area. f - Follow me.
Anything else - Cancel.
You shout for attention!
You die...

..## #...###.. ...........
...........##
..............###############
............................#
#......#.##.#.##@####.#####.#
....##.#.##....S...##[# #.#
....##.#>####.##......# #.#
............#.##...##.#####.####
....#.##.####.[......รท....#....#
............................##.#
...............#...#.........#.##
......#...###....................
..........####.##.......#.#.#####


You could see an adder.

Vanquished Creatures
  An adder (D:2)
  An ooze (D:1)
  A ball python (D:2)
  4 bats (D:1)
  A giant cockroach (D:1)
  4 goblins
  6 hobgoblins
  2 jackals (D:1)
  A frilled lizard (D:1)
  5 kobolds
  6 rats
32 creatures vanquished.

Notes
Turn   | Place    | Note
-------+----------+-------------------------------------------
     0 | D:1      | DildoBatman the Formicid Wizard began the quest for the
                  | Orb.
     0 | D:1      | Reached XP level 1. HP: 13/13 MP: 4/4
    71 | D:1      | Reached skill level 1 in Conjurations
   277 | D:1      | Reached XP level 2. HP: 17/19 MP: 0/6
   823 | D:1      | Reached XP level 3. HP: 24/24 MP: 4/7
   828 | D:1      | Learned a level 3 spell: Conjure Flame
   832 | D:1      | Learned a level 3 spell: Mephitic Cloud
  1967 | D:2      | Reached XP level 4. HP: 27/30 MP: 3/8
  2026 | D:2      | HP: 1/30 [poisoned by an adder]
  2028 | D:2      | Succumbed to an adder's poison

Skill      XL: |  1  2  3 |
---------------+----------+-----
Conjurations   | 1 2 3 |  3.2
Dodging        | |  1.7
Stealth        | |  2.4
Spellcasting   | |  3.2
Summonings     | |  1.0
Translocations | |  0.8

Action                   |  1- 3 |  4- 6 || total
-------------------------+-------+-------++-------
Melee: Unarmed           |     6 |       ||     6
       Club              |     8 |       ||     8
 Cast: Magic Dart        |    84 |     1 ||    85
       Mephitic Cloud    |     1 |       ||     1
 Stab: Sleeping          |     1 |       ||     1
  Eat: Chunk             |     3 |       ||     3
Armor: Robe              |     3 |     3 ||     6
Dodge: Dodged            |    31 |    14 ||    45
